 Dungeon Crawl Stone Soup version 0.24-a0-378-g94936e539c (webtiles) character file.

Game seed: 5021311337882290790

0 Gargoyl the Skirmisher (level 1, -17/19 HPs)
             Began as a Centaur Abyssal Knight on June 1, 2019.
             Was a Follower of Lugonu.
             Demolished by a small abomination (19 damage)
             ... on level 1 of the Abyss.
             The game lasted 00:00:49 (179 turns).

Gargoyl the Skirmisher (Centaur Abyssal Knight)      Turns: 179, Time: 00:00:49

Health: -17/19     AC:  4    Str: 14    XL:     1   Next: 0%
Magic:  2/2        EV:  9    Int: 11    God:    Lugonu [*.....]
Gold:   0          SH:  0    Dex:  8    Spells: 0/0 levels left

rFire    . . .     SeeInvis .   a - +1 hand axe
rCold    . . .     Gourm    .   (no shield)
rNeg     . . .     Faith    .   b - +0 leather armour
rPois    .         Spirit   .   (no helmet)
rElec    .         Reflect  .   (no cloak)
rCorr    .         Harm     .   (no gloves)
MR       .....                  (no barding)
Stlth    ..........             (no amulet)
HPRegen  0.06/turn              (no ring)
MPRegen  0.08/turn              (no ring)

@: about to teleport, very quick
A: large, hooves 3, deformed body, speed 2, tough skin 3
a: Depart the Abyss, Renounce Religion


You were on level 1 of the Abyss.
You worshipped Lugonu.
Lugonu was aware of your devotion.
You were not hungry.

You visited 0 branches of the dungeon, and saw 0 of its levels.
You visited the Abyss 1 time.

Inventory:

Hand Weapons
 a - a +1 hand axe (weapon)
Armour
 b - a +0 leather armour (worn)
Comestibles
 c - a ration


   Skills:
 + Level 3.0 Fighting
 + Level 1.7 Axes
 + Level 1.3 Armour
 + Level 0.6 Dodging
 + Level 2.0 Invocations


You couldn't memorise any spells.
You didn't know any spells.
Your spell library was empty.

Dungeon Overview and Level Annotations

Branches:
Dungeon (0/15)

Altars:


Innate Abilities, Weirdness & Mutations

You have hooves in place of feet.
Armour fits poorly on your strangely shaped body.
You cover ground very quickly.
You have extremely tough skin. (AC +3)


Message History

You see here a spear.
You see here a spear.
A smoke demon comes into view.
The smoke demon roars!
A white very ugly thing comes into view.
A small abomination comes into view.
The smoke demon gestures at you. Something smites you!
Ouch! That really hurt!
A starcursed mass comes into view.
A starcursed mass splits.
A chorus of shrieks assaults your mind.
* * * LOW HITPOINT WARNING * * *
A starcursed mass splits. x2
As you read the scroll labeled ZOKKEU CUMUL, it crumbles to dust.
You feel strangely unstable.
You feel the power of the Abyss delaying your translocation!
It was a scroll of teleportation.
The small abomination hits you!!
Ouch! That really hurt!
You die...

. ##. #.. ## ##
##.####### ##.#
..
#...#....#...#.
#. #...#
.#...#..
#X.#.x### .#..#
# #XX.@##
###....#
#.X.#....# ##.
.... .##..#..##
.#..#5... ....
X##. #... ...#
.## .§ .
#..#..... #§.
#.....#..... ..
####.. ##.# ...
#.#. .. #..
#.##


You could see 4 starcursed masses, a large abomination and a small abomination.

Vanquished Creatures (others)
  2 starspawn tentacles (Abyss:1)
2 creatures vanquished.

Notes
Turn   | Place    | Note
-------+----------+-------------------------------------------
     0 | Abyss:1  | Gargoyl the Centaur Abyssal Knight began the quest for the
                  | Orb.
     0 | Abyss:1  | Reached XP level 1. HP: 19/19 MP: 2/2
    37 | Abyss:1  | Noticed a small abomination
    42 | Abyss:1  | Noticed a tentacled starspawn
    42 | Abyss:1  | Noticed a small abomination
    55 | Abyss:1  | Noticed a neqoxec
    99 | Abyss:1  | Noticed a small abomination
   135 | Abyss:1  | Noticed a smoke demon
   135 | Abyss:1  | Noticed a white very ugly thing
   137 | Abyss:1  | Noticed a small abomination
   176 | Abyss:1  | Noticed a large abomination
   176 | Abyss:1  | Noticed a starcursed mass
   179 | Abyss:1  | Demolished by a small abomination

Levels and vault maps discovered:
Abyss:1

Action                   || total
-------------------------++-------
  Use: Scroll            ||     1
       Potion            ||     1

Table legend:
 A = Non-vault XP
 B = Vault XP
 C = Vault XP percentage of total XP
 D = Non-vault monster count
 E = Vault monster count
 F = Vault count percentage of total count
                 A         B        C        D         E       F
            +---------+---------+-------+---------+---------+-------
      Total |       0 |       0 |   N/A |       0 |       0 |  -nan
            +---------+---------+-------+---------+---------+-------
            +---------+---------+-------+---------+---------+-------
